 Dungeon Crawl Stone Soup version 0.27-a0-1322-gfdffb62a71 (webtiles) character file.

Game seed: 13922766014732327112

2630 kazelolz the Cleaver (level 9, -1/127 HPs)
             Began as a Minotaur Berserker on June 22, 2021.
             Was an Elder of Trog.
             Slain by an orc warrior (2 damage)
             ... in a bailey.
             The game lasted 00:10:03 (6933 turns).

kazelolz the Cleaver (Minotaur Berserker)           Turns: 6933, Time: 00:10:04

Health: -1/127     AC: 15    Str: 25    XL:     9   Next: 35%
Magic:  8/8        EV:  8    Int: 10    God:    Trog [****..]
Gold:   477        SH:  0    Dex: 10    Spells: 8/8 levels left

rFire    . . .     SeeInvis .   A - +0 battleaxe
rCold    . . .     Faith    .   (shield currently unavailable)
rNeg     . . .     Spirit   .   e - +0 plate armour
rPois    +         Reflect  .   (helmet restricted)
rElec    .         Harm     .   k - +1 cloak
rCorr    .         Rampage  .   (no gloves)
Will     .....                  (no boots)
Stlth    ..........             h - amulet of the acrobat
HPRegen  0.31/turn              t - ring of poison resistance
MPRegen  0.11/turn              s - +6 ring of intelligence

@: berserking, very quick
A: horns 2, retaliatory headbutt
a: Renounce Religion, Berserk, Trog's Hand, Brothers in Arms


You were in a bailey.
You worshipped Trog.
Trog was greatly pleased with you.
You visited 1 branch of the dungeon, and saw 7 of its levels.
You also visited: Bailey.

You collected 477 gold pieces.

Inventory:

Hand Weapons
 a - a +0 hand axe
 A - a +0 battleaxe (weapon)
Missiles
 r - 4 javelins
Armour
 e - a +0 plate armour (worn)
 k - a +1 cloak (worn)
Jewellery
 h - an amulet of the acrobat (around neck)
 s - a +6 ring of intelligence (right hand)
 t - a ring of poison resistance (left hand)
Wands
 p - a wand of acid (12)
 v - a wand of digging (6)
 w - a wand of charming (8)
 y - a wand of mindburst (15)
 C - a wand of iceblast (8)
Scrolls
 b - a scroll of magic mapping {unknown}
 f - 2 scrolls of amnesia {unknown}
 g - a scroll of noise {unknown}
 i - 2 scrolls of vulnerability {unknown}
 j - 2 scrolls of enchant weapon {unknown}
 m - a scroll of teleportation {unknown}
 n - 4 scrolls of identify {unknown}
 o - 2 scrolls of enchant armour {unknown}
 x - 2 scrolls of fear {unknown}
Potions
 c - a potion of degeneration {unknown}
 d - a potion of lignification {unknown}
 l - 6 potions of curing
 q - a potion of heal wounds
 B - a potion of berserk rage


   Skills:
 * Level 9.8 Fighting
 + Level 10.1 Axes
 + Level 7.6 Armour
 + Level 3.2 Dodging
 + Level 0.5 Stealth


You had 8 spell levels left.
You didn't know any spells.
Your spell library was empty.

Dungeon Overview and Level Annotations

Branches:
Dungeon (7/15)             Temple (0/1) D:6          Bailey (1/1)

Altars:
Okawaru
Sif Muna
Xom
Yredelemnul
Zin

Annotations:
D:7 2 transporters, robertstho's ghost, novice NaFE


Innate Abilities, Weirdness & Mutations

You have a pair of horns on your head.
You reflexively headbutt those who attack you in melee.


Message History

The orc warrior hits you with a +0 halberd.
* * * LOW HITPOINT WARNING * * *
The orc barely misses you.
The orc warrior hits you from afar with a +0 trident.
* * * LOW HITPOINT WARNING * * *
You closely miss the orc warrior.
The orc warrior hits you with a +0 halberd!
* * * LOW HITPOINT WARNING * * *
The orc barely misses you. The orc warrior barely misses you.
Unknown command.
You closely miss the orc warrior. You headbutt the orc warrior!
The orc warrior is heavily wounded.
The orc warrior hits you with a +0 halberd.
* * * LOW HITPOINT WARNING * * *
The orc closely misses you.
Unknown command.
You closely miss the orc warrior. Your headbutt misses the orc warrior.
The orc warrior is heavily wounded.
The orc warrior hits you from afar with a +0 trident!
* * * LOW HITPOINT WARNING * * *
The orc warrior hits you with a +0 halberd.
* * * LOW HITPOINT WARNING * * *
Unknown command.
You completely miss the orc warrior.
The orc warrior is heavily wounded.
The orc barely misses you. The orc warrior closely misses you.
Unknown command.
Your plate armour prevents you from hitting the orc warrior.
The orc warrior is heavily wounded.
The orc warrior hits you with a +0 halberd.
* * * LOW HITPOINT WARNING * * *
The orc hits you but does no damage.
The orc warrior hits you from afar with a +0 trident.
* * * LOW HITPOINT WARNING * * *
You slice the orc warrior!!
You kill the orc warrior!
Trog accepts your kill. The orc hits you but does no damage.
The orc warrior hits you from afar with a +0 trident.
You die...

≈≈≈≈≈....## ....≈≈≈.⌠.#...#
≈≈.≈...... ≈≈≈≈..≈≈..#...#
.≈≈.⌠.... ...≈≈≈.≈≈.#⌠..#
.≈....... ≈≈≈..≈≈.≈.##..#
≈≈....≈≈≈
..≈≈≈.≈.≈≈.#..#####...≈≈≈≈≈
)⌠..≈.≈≈.≈.#..'...o..≈≈≈≈≈≈
)∩..≈....≈.#..'))....≈≈≈≈≈?
)⌠..≈.≈≈.≈.#..'.@)o..≈≈≈≈≈≈
..≈≈≈.≈.≈≈.#..#####)..≈≈≈≈≈
≈≈≈..≈≈.≈.##..#≈≈.≈≈....≈≈≈
...≈≈≈.≈≈.#⌠..#≈≈≈c≈.......
≈≈≈≈..≈≈..#...#≈≈≈.≈≈.o....
....≈≈≈.⌠.#)..#≈≈≈≈.≈......
≈≈≈≈≈....##)..#≈≈≈≈.≈≈≈....
.....#####....#≈≈≈≈≈..≈≈≈..
######).......#≈≈≈≈≈≈≈..≈≈≈


You could see an orc warrior and an orc.

Vanquished Creatures
  Grinder (D:4)
  Sigmund (D:4)
  Duvessa (D:4)
  2 water moccasins
  5 orc warriors (Bailey)
  2 ice beasts
  2 necrophages
  A sky beast (D:6)
  A black bear (D:6)
  2 centaurs (Bailey)
  A kobold brigand (D:5)
  A scorpion (D:6)
  Dowan (D:4)
  A jelly (D:6)
  2 hounds
  2 centaur skeletons
  4 orc priests
  Ijyb (D:4)
  3 iguanas
  An orc wizard (D:5)
  Natasha (thrice) (D:2)
  A killer bee zombie (D:6)
  A hound skeleton (D:2)
  A howler monkey skeleton (D:7)
  6 gnolls
  5 adders
  An ufetubus (D:7)
  An adder skeleton (D:4)
  A worm (D:2)
  A dart slug (D:4)
  29 orcs
  5 endoplasms
  5 giant cockroaches
  6 goblins
  10 hobgoblins
  4 jackals (D:1)
  4 quokkas
  7 ball pythons
  7 bats
  13 frilled lizards
  9 kobolds
  6 rats
161 creatures vanquished.

Vanquished Creatures (others)
  6 plants (D:1)
6 creatures vanquished.

Grand Total: 167 creatures vanquished

Notes
Turn   | Place    | Note
-------+----------+-------------------------------------------
     0 | D:1      | kazelolz the Minotaur Berserker began the quest for the
                  | Orb.
     0 | D:1      | Reached XP level 1. HP: 19/19 MP: 0/0
   144 | D:1      | Reached skill level 4 in Axes
   144 | D:1      | Reached XP level 2. HP: 27/27 MP: 1/1
   164 | D:1      | Found a faded altar of an unknown god.
   815 | D:1      | Reached ** piety under Trog
   816 | D:1      | Reached XP level 3. HP: 31/33 MP: 2/2
  1310 | D:2      | Reached XP level 4. HP: 8/41 MP: 3/3
  1312 | D:2      | Reached skill level 5 in Axes
  1728 | D:2      | Noticed Natasha
  1734 | D:2      | Killed Natasha
  1745 | D:2      | Noticed Natasha
  1750 | D:2      | Killed Natasha
  1751 | D:2      | Reached skill level 5 in Fighting
  1751 | D:2      | Reached XP level 5. HP: 38/48 MP: 4/4
  1908 | D:2      | Noticed Natasha
  1916 | D:2      | Killed Natasha
  2192 | D:3      | You fall into a shaft and drop 3 floors!
  2213 | D:6      | Noticed an ice beast
  2228 | D:6      | Killed an ice beast
  2229 | D:6      | Reached skill level 6 in Axes
  2229 | D:6      | Reached XP level 6. HP: 37/56 MP: 5/5
  2234 | D:5      | Entered Level 5 of the Dungeon
  2519 | D:4      | Noticed Grinder
  2533 | D:4      | Killed Grinder
  2534 | D:4      | Reached skill level 7 in Axes
  2534 | D:4      | Reached XP level 7. HP: 42/64 MP: 6/6
  2678 | D:4      | Reached skill level 5 in Armour
  3044 | D:4      | Noticed Sigmund
  3056 | D:4      | Killed Sigmund
  3133 | D:4      | Found a basalt altar of Yredelemnul.
  3133 | D:4      | Found a shimmering blue altar of Sif Muna.
  3135 | D:4      | Found a glowing silver altar of Zin.
  3338 | D:4      | Noticed Dowan
  3339 | D:4      | Noticed Duvessa
  3349 | D:4      | Killed Dowan
  3355 | D:4      | Reached XP level 8. HP: 40/73 MP: 7/7
  3359 | D:4      | Killed Duvessa
  3360 | D:4      | Reached skill level 8 in Axes
  4065 | D:3      | Reached *** piety under Trog
  4293 | D:4      | Noticed Ijyb
  4302 | D:4      | Killed Ijyb
  4739 | D:5      | Found an iron altar of Okawaru.
  4889 | D:5      | Found a large runed translucent door.
  4889 | D:5      | Found a large runed translucent door.
  4928 | D:5      | Found a shimmering altar of Xom.
  5544 | D:6      | Reached skill level 9 in Axes
  5741 | D:6      | Reached XP level 9. HP: 76/83 MP: 8/8
  6170 | D:6      | Found a staircase to the Ecumenical Temple.
  6288 | D:7      | Found a transporter.
  6293 | D:7      | Noticed robertstho's ghost (novice NaFE)
  6337 | D:7      | Found a transporter.
  6372 | D:7      | Found a flagged portal.
  6382 | Bailey   | Entered a bailey
  6644 | Bailey   | Reached **** piety under Trog
  6706 | Bailey   | Reached skill level 10 in Axes
  6932 | Bailey   | HP: 5/127 [orc warrior (3)]
  6932 | Bailey   | HP: 1/127 [orc warrior (4)]
  6933 | Bailey   | Slain by an orc warrior

Illustrated notes

Levels and vault maps discovered:
D:1:      dpeg_arrival_lava_temple_mockup, layout_basic,
          ebering_ecumenical_altar_sacrificial, minmay_lizard_king
D:2:      layout_basic, minmay_diced_spiral, uniq_natasha
D:3:      layout_basic
D:4:      layout_layer_cave, minitemple, nrook_mini_backslash, uniq_duvessa,
          uniq_sigmund, uniq_ijyb, uniq_grinder
D:5:      due_chaos_kobolds, layout_basic, okawaru_altar_gauntlet_db,
          serial_glass, glass_columns_a, glass_columns_a
D:6:      layout_basic, temple_hall
D:7:      layout_loops_ring, gammafunk_ghost_stat_death, enter_bailey_6,
          kennysheep_generic_room_7, uniq_menkaure
Bailey:   bailey_polearm_flooded_kennysheep, bailey

Skill      XL: |  1  2  3  4  5  6  7  8  9 |
---------------+----------------------------+-----
Axes           | 4 5 6 7 9 10 | 10.1
Fighting       | 4 5 6 7 9 |  9.8
Armour         | 3 4 5 7 |  7.6
Dodging        | 3 |  3.2
Stealth        | |  0.5

Action                   |  1- 3 |  4- 6 |  7- 9 || total
-------------------------+-------+-------+-------++-------
Melee: Hand axe          |    81 |    87 |   207 ||   375
       Headbutt          |    11 |    15 |    44 ||    70
       Battleaxe         |       |       |    53 ||    53
Invok: Berserk           |     1 |       |     3 ||     4
       Trog's Hand       |       |     1 |     3 ||     4
  Use: Potion            |       |       |     6 ||     6
 Stab: Invisible         |       |       |     2 ||     2
Armor: Animal skin       |     7 |       |       ||     7
       Plate armour      |    24 |    46 |   176 ||   246
Dodge: Dodged            |    56 |    28 |   173 ||   257

Table legend: (Time is in decaauts)
 A = Elapsed time spent in this place.
 B = Non-inter-level travel time spent in this place.
 C = Inter-level travel time spent in this place.
 D = Time resting spent in this place.
 E = Time spent auto-exploring this place.
 F = Levels seen in this place.
 G = Mean time per level.
                   A        B        C        D        E       F      G
               +--------+--------+--------+--------+--------+-----+--------+
         Total |   6983 |   6822 |    161 |      0 |   5852 |   8 |  872.9 |
       Dungeon |   6414 |   6253 |    161 |      0 |   5418 |   7 |  916.3 |
        Bailey |    569 |    569 |      0 |      0 |    434 |   1 |  569.0 |
               +--------+--------+--------+--------+--------+-----+--------+

Top non-repeatable levels by time:
     D:4: 1723 daAuts
     D:1: 1139 daAuts
     D:5: 1056 daAuts
     D:2: 1013 daAuts
     D:6: 807 daAuts
  Bailey: 569 daAuts
     D:3: 549 daAuts
     D:7: 124 daAuts
